 Dungeon Crawl Stone Soup version 0.29-a0-789-g7a8fcbc185 (webtiles) character file.

Game seed: 221268733920889584

156 ytrimaz the Grave Robber (level 5, -3/35 HPs)
             Began as a Mummy Necromancer on July 2, 2022.
             Slain by an orc
             ... wielding a +0 hand axe
              (4 damage)
             ... on level 2 of the Dungeon.
             The game lasted 00:02:21 (2621 turns).

ytrimaz the Grave Robber (Mummy Necromancer)        Turns: 2621, Time: 00:02:22

Health: -3/35      AC:  3    Str: 12    XL:     5   Next: 15%
Magic:  0/12       EV: 12    Int: 16    God:
Gold:   120        SH:  0    Dex: 12    Spells: 13/14 levels left

rFire   . . .      SeeInvis .   (no weapon)
rCold   . . .      Faith    .   (no shield)
rNeg    + + +      Spirit   .   a - +0 robe
rPois   ∞          Reflect  .   (no helmet)
rElec   .          Harm     .   (no cloak)
rCorr   .          Rampage  .   b - +0 pair of gloves
Will    .....                   (no boots)
Stlth   ++........              (no amulet)
HPRegen 0.11/turn               e - ring of fire
MPRegen 0.13/turn               (no ring)

@: no status effects
A: cold resistance 1, negative energy resistance 3, torment resistance 2, heat
vulnerability 1, in touch with death 1, no potions
a: no special abilities


You were on level 2 of the Dungeon.
You visited 1 branch of the dungeon, and saw 3 of its levels.

You collected 120 gold pieces.

Inventory:

Armour
 a - a +0 robe (worn)
 b - a +0 pair of gloves (worn)
Jewellery
 e - a ring of fire (left hand)
Scrolls
 c - a scroll of identify
 d - a scroll of immolation


   Skills:
 - Level 1.5 Dodging
 - Level 1.5 Stealth
 + Level 5.0 Spellcasting
 + Level 5.4 Necromancy


You had 13 spell levels left.
You knew the following spells:

 Your Spells              Type           Power      Damage    Failure   Level
a - Necrotize             Necr           100%       1d9       1%          1

Your spell library contained the following spells:

 Spells                   Type           Power      Damage    Failure   Level
 Vampiric Draining        Necr           32%        2d8       4%          3
 Animate Dead             Necr           32%        N/A       16%         4
 Tukima's Dance           Hex            4%         N/A       41%         3
 Agony                    Necr           32%        N/A       41%         5
 Passage of Golubria      Tloc           4%         N/A       83%         4
 Yara's Violent Unravell  Hex/Tmut       2%         3d3       99%         5


Dungeon Overview and Level Annotations

Branches:
Dungeon (3/15)

Altars:


Innate Abilities, Weirdness & Mutations

You are immune to poison.
Your flesh is cold resistant. (rC+)
You are immune to negative energy. (rN+++)
You are immune to unholy pain and torment.
You are vulnerable to heat. (rF-)
You are in touch with the powers of death.
You do not drink.


Message History

Aim: an orc, wielding a +0 dagger and wearing a +0 leather armour (almost dead, ally target, chance to affect: 93%)
You feel a surge of power!
The orc writhes in agony.
You kill the orc!
The dead are walking!
The orc hits your orc skeleton with a +0 hand axe.
Your orc skeleton is destroyed!
Your Spellcasting skill increases to level 5!
Found a lumpy silvery potion.
Your orc skeleton hits the orc but does no damage.
There is an escape hatch in the ceiling here.
Aiming: Necrotize (safe; 1% risk of failure)
Press: ? - help, Q - select action Shift-Dir - straight line, f - orc
Aim: an orc, wielding a +0 hand axe and wearing a +0 scale mail (ally target, chance to affect: 93%)
You feel a surge of power!
The orc writhes in agony.
Your orc skeleton hits the orc.
Aiming: Necrotize (safe; 1% risk of failure)
Press: ? - help, Q - select action Shift-Dir - straight line, f/p - orc
Aim: an orc, wielding a +0 hand axe and wearing a +0 scale mail (heavily wounded, ally target, chance to affect: 93%)
You feel a surge of power!
The orc writhes in agony.
Unknown command.
The orc hits you with a +0 hand axe.
* * * LOW HITPOINT WARNING * * *
A mysterious force pulls you upwards. The hatch slams shut behind you.
Unknown command.
You are too injured to fight recklessly!
You hit the orc but do no damage.
The orc is heavily wounded.
The orc barely misses you.
Aiming: Necrotize (safe; 1% risk of failure)
Press: ? - help, Q - select action Shift-Dir - straight line, f - orc
Aim: an orc, wielding a +0 hand axe and wearing a +0 scale mail (heavily wounded, chance to affect: 93%)
You feel a surge of power!
The orc writhes in agony.
The orc closely misses you.
Unknown command.
The orc attacks as you move away! The orc hits you with a +0 hand axe.
* * * LOW HITPOINT WARNING * * *
There is an open door here.
Unknown command.
The orc attacks as you move away! The orc hits you with a +0 hand axe.
You die...

#...P#'#'###
########....')..#
#..........P#...#
#.#######...#...###
#.#######...#####..
#.#............####
#.#................
#.#.............###
#.@o............#
###.............#
#......######.###
########### #.##.
#.......# #.##.
#.#####.###.##. #.#
#..........
#.###.#.###.##.
#.....#.# #.##.


You could see an orc.

Vanquished Creatures
  A kobold brigand (D:3)
  Jessica (D:3)
  A gnoll (D:2)
  A dart slug (D:2)
  2 orcs (D:3)
  4 ball pythons (D:2)
  8 endoplasms
  2 giant cockroaches
  3 hobgoblins (D:2)
  6 jackals
  3 quokkas
  2 bats
  A frilled lizard (D:1)
  A goblin (D:2)
  5 rats
41 creatures vanquished.

Vanquished Creatures (collateral kills)
  A dart slug (D:2)
  A giant cockroach (D:2)
  A kobold (D:2)
3 creatures vanquished.

Grand Total: 44 creatures vanquished

Notes
Turn   | Place    | Note
-------+----------+-------------------------------------------
     0 | D:1      | ytrimaz the Mummy Necromancer began the quest for the Orb.
     0 | D:1      | Reached XP level 1. HP: 13/13 MP: 4/4
   317 | D:1      | Reached XP level 2. HP: 14/19 MP: 0/5
   994 | D:1      | Found a faded altar of an unknown god.
  1478 | D:2      | Gained mutation: You are in touch with the powers of death.
                  | [Mummy growth]
  1478 | D:2      | Reached XP level 3. HP: 24/24 MP: 3/7
  2506 | D:3      | Noticed Jessica
  2509 | D:3      | Killed Jessica
  2510 | D:3      | Reached skill level 5 in Necromancy
  2510 | D:3      | Reached XP level 4. HP: 30/30 MP: 7/10
  2567 | D:3      | Noticed a kobold brigand
  2577 | D:3      | Killed a kobold brigand
  2578 | D:3      | Reached XP level 5. HP: 5/35 MP: 3/12
  2609 | D:3      | Reached skill level 5 in Spellcasting
  2619 | D:2      | HP: 1/35 [orc/+0 hand axe (4)]
  2621 | D:2      | Slain by an orc

Illustrated notes

Levels and vault maps discovered:
D:1:      arrival_zaba_pyramid, layout_basic, ebering_ecumenical_altar_webs,
          hex_intersection
D:2:      layout_basic, st_stairs_5, nrook_uturn, cheibrodos_gnoll_hut
D:3:      layout_basic, serial_shops, shop, uniq_crazy_yiuf_cottage, uniq_robin,
          uniq_sigmund, uniq_jessica

Skill      XL: |  1  2  3  4  5 |
---------------+----------------+-----
Spellcasting   | 3 4 5 |  5.0
Necromancy     | 5 |  5.4
Dodging        | |  1.5
Stealth        | |  1.5

Action                   |  1- 3 |  4- 6 || total
-------------------------+-------+-------++-------
Melee: Unarmed           |    23 |     2 ||    25
 Cast: Necrotize         |    63 |    16 ||    79
  Use: Scroll            |     2 |       ||     2
Armor: Robe              |    11 |       ||    11
Dodge: Dodged            |    19 |     6 ||    25

Table legend: (Time is in decaauts)
 A = Elapsed time spent in this place.
 B = Non-inter-level travel time spent in this place.
 C = Inter-level travel time spent in this place.
 D = Time resting spent in this place.
 E = Time spent auto-exploring this place.
 F = Levels seen in this place.
 G = Mean time per level.
                   A        B        C        D        E       F      G
               +--------+--------+--------+--------+--------+-----+--------+
         Total |   2619 |   2589 |     30 |    131 |   2142 |   3 |  873.0 |
       Dungeon |   2619 |   2589 |     30 |    131 |   2142 |   3 |  873.0 |
               +--------+--------+--------+--------+--------+-----+--------+

Top non-repeatable levels by time:
     D:2: 1370 daAuts
     D:1: 1141 daAuts
     D:3: 108 daAuts
